 Dungeon Crawl Stone Soup version 0.31-a0-700-gf13585253f (webtiles) character file.

Game seed: 14149503573378756312

75 mason12 the Sneak (level 4, -5/23 HPs)
             Began as a Spriggan Brigand on Sept 6, 2023.
             Slain by Natasha (7 damage)
             ... on level 2 of the Dungeon on Sept 7, 2023.
             The game lasted 00:14:31 (1945 turns).

mason12 the Sneak (Spriggan Brigand)                Turns: 1945, Time: 00:14:32

Health: -5/23      AC:  3    Str:  7    XL:     4   Next: 11%
Magic:  5/5        EV: 18    Int: 12    God:
Gold:   123        SH:  0    Dex: 18    Spells: 3/3 levels left

rFire   . . .        n - +3 dagger
rCold   . . .        (no shield)
rNeg    . . .        g - +0 robe
rPois   .            (helmet restricted)
rElec   .            c - +0 cloak
rCorr   .            (gloves unavailable)
SInv    +            (boots unavailable)
Will    .....        (no amulet)
Stlth   ++++         (no ring)
HPRegen 0.23/turn    (no ring)
MPRegen 0.09/turn

%: no passive effects
@: very quick
A: very small, no large weapons, unfitting armour, see invisible, speed 3
a: no special abilities


You were on level 2 of the Dungeon.
You visited 1 branch of the dungeon, and saw 2 of its levels.

You collected 123 gold pieces.

Inventory:

Hand Weapons
 a - a +2 dagger
 i - a +0 trident
 l - a +0 club
 n - a +3 dagger (weapon)
 o - a +0 sling
 q - a +0 dagger
 r - a +0 whip
 s - a +0 war axe
 w - a +0 club
 x - a +0 club
Missiles
 d - 9 poisoned darts
 e - 3 curare-tipped darts
 f - 6 boomerangs (quivered)
 m - 15 stones
Armour
 b - a +0 robe
 c - a +0 cloak (worn)
 g - a +0 robe (worn)
 j - a +0 helmet
 k - a +0 scale mail
 y - a +0 scale mail
Scrolls
 h - 3 scrolls of identify {unknown}
 t - 2 scrolls of amnesia {unknown}
Potions
 p - a potion of berserk rage {unknown}
 u - a potion of magic {unknown}
 v - a potion of curing {unknown}


   Skills:
 + Level 1.8 Fighting
 + Level 3.0 Short Blades
 + Level 2.0 Throwing
 + Level 2.9 Dodging
 + Level 7.1 Stealth


You had 3 spell levels left.
You didn't know any spells.
Your spell library contained the following spells:

 Spells                   Type           Power      Damage    Failure   Level
 Call Canine Familiar     Summ           0%         N/A       69%         3
 Hailstorm                Conj/Ice       0%         3d3       69%         3
 Sigil of Binding         Hex            0%         N/A       69%         3
 Dimensional Bullseye     Hex/Tloc       0%         N/A       97%         4
 Leda's Liquefaction      Hex/Erth       0%         N/A       97%         4
 Summon Ice Beast         Ice/Summ       0%         N/A       97%         4
 Simulacrum               Ice/Necr       0%         N/A       100%        6


Dungeon Overview and Level Annotations

Branches:
Dungeon (2/15)

Altars:
Fedhas

Annotations:
D:2 Natasha


Innate Abilities, Weirdness & Mutations

You are very small and have problems with some larger weapons.
You are too small for most types of armour.
You have supernaturally acute eyesight. (SInv)
You cover ground extremely quickly. (Speed+++)


Message History

The hobgoblin misses you. The hobgoblin closely misses you.
The hobgoblin barely misses you. The hobgoblin hits you with a +0 whip.
The hobgoblin hits you but does no damage.
You hit the hobgoblin.
The hobgoblin is moderately wounded.
The hobgoblin hits you with a +0 whip.
You hit the hobgoblin.
The hobgoblin is severely wounded.
You closely miss the hobgoblin.
The hobgoblin is severely wounded.
The hobgoblin completely misses you.
You hit the hobgoblin.
You kill the hobgoblin!
m - 15 stones (gained 2)
You now have 123 gold pieces (gained 15).
You see here a +0 whip.
Welcome back, mason12 the Spriggan Brigand.
Press ? for a list of commands and other information.
Natasha, Servant of Life and Death comes into view.
Natasha hisses angrily.
You hear a shout!
A gnoll comes into view. It is wielding a +0 club.
Natasha misses you.
You hit Natasha but do no damage.
Natasha growls.
Natasha barely misses you. The gnoll hits you with a +0 club.
You hit Natasha but do no damage. Natasha casts a spell at you.
The magic dart hits you. The gnoll completely misses you.
You puncture Natasha!
Natasha is heavily wounded.
Natasha claws you!
* * * LOW HITPOINT WARNING * * *
The gnoll closely misses you.
You hit Natasha.
Natasha is heavily wounded.
Natasha claws you!
You die...
Natasha curls up and begins to purr.

#.# #.# ♣.
..# .♣ ♣
..# ♣. .♣
##### ..#
.♣ ♣.♣
#...# ..#
♣. ..♣
#.### ..#
.♣ ♣♣♣♣♣
♣.♣ #.#
..# ♣♣.♣
♣♣...♣♣..♣
#.# ..#
♣.♣
♣♣.♣♣.♣@h♣
#.#####
..# ♣.♣
♣.♣♣♣♣.♣g♣
#......
..#
♣.♣♣♣♣.♣
♣♣♣...
#######
###
♣...♣♣.♣
♣.♣.♣
♣♣.....♣♣
♣♣ ..
♣♣.)...♣
♣. ♣...♣.♣
♣.♣♣♣.♣
♣.♣ ..


You could see Natasha and a gnoll.

Vanquished Creatures
  Natasha (D:2)
  A dart slug (D:2)
  6 endoplasms
  A giant cockroach (D:1)
  4 hobgoblins
  8 jackals
  3 kobolds
  A quokka (D:1)
  5 ball pythons
  6 bats
  4 goblins
  A rat (D:2)
41 creatures vanquished.

Notes
Turn   | Place    | Note
-------+----------+-------------------------------------------
     0 | D:1      | mason12 the Spriggan Brigand began the quest for the Orb.
     0 | D:1      | Reached XP level 1. HP: 10/10 MP: 2/2
   165 | D:1      | Reached skill level 6 in Stealth
   377 | D:1      | Upgraded the game from 0.31-a0-691-g409c26aa35 to
                  | 0.31-a0-700-gf13585253f
   476 | D:1      | Reached XP level 2. HP: 2/14 MP: 3/3
  1157 | D:2      | Found a faded altar of an unknown god.
  1277 | D:2      | Noticed Natasha
  1290 | D:2      | Killed Natasha
  1291 | D:2      | Reached XP level 3. HP: 18/18 MP: 4/4
  1438 | D:2      | Reached skill level 7 in Stealth
  1489 | D:2      | Found a blossoming altar of Fedhas.
  1625 | D:2      | Reached XP level 4. HP: 23/23 MP: 5/5
  1940 | D:2      | Noticed Natasha
  1945 | D:2      | Slain by Natasha

Illustrated notes

Levels and vault maps discovered:
D:1:      matt_arrival_refuge, layout_basic
D:2:      kb_forest_paths, layout_basic,
          hellmonk_ecumenical_altar_pennies_from_heaven, basic_altar,
          chequers_serial_rivers_micro_c, minmay_unequal, uniq_natasha

Skill      XL: |  1  2  3  4 |
---------------+-------------+-----
Stealth        | 6 7 |  7.1
Dodging        | 2 |  2.9
Short Blades   | 3 |  3.0
Fighting       | |  1.8
Throwing       | |  2.0

Action                     |  1- 3 |  4- 6 || total
---------------------------+-------+-------++-------
  Melee: Dagger            |   101 |    17 ||   118
         Punch             |       |     1 ||     1
    Use: Scroll            |     1 |       ||     1
         Potion            |     1 |       ||     1
   Stab: Sleeping          |     9 |     1 ||    10
 Armour: Robe              |    68 |     8 ||    76
  Dodge: Dodged            |   193 |    18 ||   211

Table legend: (Time is in decaauts)
 A = Elapsed time spent in this place.
 B = Non-inter-level travel time spent in this place.
 C = Inter-level travel time spent in this place.
 D = Time resting spent in this place.
 E = Time spent auto-exploring this place.
 F = Levels seen in this place.
 G = Mean time per level.
                   A        B        C        D        E       F      G
               +--------+--------+--------+--------+--------+-----+--------+
         Total |   1234 |   1081 |    153 |      0 |      0 |   2 |  617.0 |
       Dungeon |   1234 |   1081 |    153 |      0 |      0 |   2 |  617.0 |
               +--------+--------+--------+--------+--------+-----+--------+

Top non-repeatable levels by time:
     D:2: 723 daAuts
     D:1: 510 daAuts
